 Dungeon Crawl Stone Soup version 0.29.0-4-gdea44cf6ec (webtiles) character file.

Game seed: 15852688855311216377

35 qw the Sneak (level 3, -3/29 HPs)
             Began as a Ghoul Enchanter on Sept 6, 2022.
             Slain by a gnoll
             ... wielding a +0 spear
              (5 damage)
             ... on level 2 of the Dungeon.
             The game lasted 00:00:38 (1745 turns).

qw the Sneak (Ghoul Enchanter)                      Turns: 1745, Time: 00:00:39

Health: -3/29      AC:  5    Str: 13    XL:     3   Next: 33%
Magic:  4/4        EV: 10    Int: 10    God:
Gold:   32         SH:  0    Dex:  9    Spells: 5/5 levels left

rFire   . . .      SeeInvis .   d - +1 short sword (venom)
rCold   + . .      Faith    .   (no shield)
rNeg    + + +      Spirit   .   a - +0 ring mail
rPois   inf        Reflect  .   (no helmet)
rElec   .          Harm     .   (no cloak)
rCorr   .          Rampage  .   (no gloves)
Will    +....                   (no boots)
Stlth   +.........              (no amulet)
HPRegen 0.00/turn               f - ring of willpower
MPRegen 0.09/turn               (no ring)

@: inhibited regen
A: claws 1, cold resistance 1, negative energy resistance 3, inhibited
regeneration, torment resistance 2, devour on kill
a: no special abilities


You were on level 2 of the Dungeon.
You visited 1 branch of the dungeon, and saw 2 of its levels.

You collected 32 gold pieces.


Innate Abilities, Weirdness & Mutations

You are immune to poison.
You have sharp fingernails.
Your flesh is cold resistant. (rC+)
You are immune to negative energy. (rN+++)
You do not regenerate when monsters are visible.
You are immune to unholy pain and torment.
You thrive by killing the living.


   Skills:
 + Level 1.7 Fighting
 - Level 0.8 Short Blades
 - Level 2.0 Axes
 - Level 1.7 Dodging
 - Level 3.2 Stealth
 - Level 1.7 Spellcasting
 - Level 2.4 Hexes


You had 5 spell levels left.
You didn't know any spells.
Your spell library contained the following spells:

 Spells                   Type           Power      Damage    Failure   Level
 Ensorcelled Hibernation  Hex/Ice        6%         N/A       54%         2
 Confusing Touch          Hex            5%         N/A       61%         3
 Tukima's Dance           Hex            5%         N/A       61%         3
 Dazzling Flash           Conj/Hex       6%         N/A       78%         3

Inventory:

Hand Weapons
 d - a +1 short sword of venom (weapon)
Armour
 a - a +0 ring mail (worn)
Jewellery
 f - a ring of willpower (left claw)
Scrolls
 c - a scroll of noise {unknown}
 g - a scroll of identify
Potions
 b - 2 potions of berserk rage {unknown}
 h - a potion of ambrosia {unknown}

Dungeon Overview and Level Annotations

Branches:
Dungeon (2/15)

Altars:


Message History

You climb downwards.
Found a stone staircase leading down.
There is a stone staircase leading up here.
Existing waypoints: (2) D:1 Assign waypoint to what number? (0-9, D - delete waypoint) Waypoint 1 assigned to D:2.
Found an escape hatch in the floor.
b - 2 dark potions
There is an escape hatch in the floor here.
c - a scroll labelled QIOKKUR AFEUM A gnoll comes into view.
It is wielding a +0 whip.
The gnoll shouts!
Enter note: A gnoll comes into view. It is wielding a +0 club.
A gnoll comes into view. It is wielding a +0 spear.
1736 ||| Stepping ~*~*~tactically~*~*~ (stealth).
The gnoll shouts!
1737 ||| Stepping ~*~*~tactically~*~*~ (stealth).
The gnoll shouts!
You hit the gnoll.
The gnoll is poisoned.
The gnoll is moderately wounded.
You completely miss the gnoll.
The gnoll is moderately wounded.
The gnoll hits you with a +0 whip!
You hit the gnoll.
The gnoll looks as sick as possible!
The gnoll is heavily wounded.
The gnoll hits you with a +0 club. The gnoll hits you with a +0 whip.
You hit the gnoll.
The gnoll is severely wounded.
You kill the gnoll!
The gnoll closely misses you. The gnoll barely misses you.
You barely miss the gnoll. The gnoll hits you with a +0 club.
The gnoll barely misses you.
You closely miss the gnoll.
The gnoll hits you from afar with a +0 spear!
You barely miss the gnoll. The gnoll hits you with a +0 club.
The gnoll hits you from afar with a +0 spear.
You die...

.......#
......#
......#
.....#
.....#
#....#
#g...#
#....##
#@g...#
#.....#
##....#
####....#
##.......+
#..##....#
#.###....#
#.# ######
. ##.#


You could see 2 gnolls.

Vanquished Creatures
  A gnoll (D:2)
  An endoplasm (D:1)
  2 giant cockroaches (D:1)
  3 goblins (D:1)
  3 hobgoblins (D:1)
  A quokka (D:1)
  4 ball pythons (D:1)
  2 frilled lizards (D:1)
  2 kobolds (D:1)
  4 rats (D:1)
23 creatures vanquished.

Notes
Turn   | Place    | Note
-------+----------+-------------------------------------------
     0 | D:1      | qw the Ghoul Enchanter began the quest for the Orb.
     0 | D:1      | Reached XP level 1. HP: 14/14 MP: 2/2
     0 | D:1      | 0 ||| qw: Version: 0.1-a-108-g9e35731
     0 | D:1      | 0 ||| qw: Game counter: 6208
     0 | D:1      | 0 ||| qw: Always use a shield: true
     0 | D:1      | 0 ||| qw: God list: Okawaru
     0 | D:1      | 0 ||| qw: Allow faded altars: false
     0 | D:1      | 0 ||| qw: Do Orc after D:15 true
     0 | D:1      | 0 ||| qw: Do second Lair branch before Depths: true
     0 | D:1      | 0 ||| qw: Lair rune preference: random
     0 | D:1      | 0 ||| qw: Plans: Normal
     0 | D:1      | 0 ||| PLANNING D:1-11
    42 | D:1      | Found a faded altar of an unknown god.
   186 | D:1      | Reached skill level 1 in Axes
   315 | D:1      | Reached XP level 2. HP: 10/22 MP: 3/3
   433 | D:1      | Reached skill level 1 in Fighting
   585 | D:1      | 585 ||| UPGRADING to +0 leather armour.
   595 | D:1      | 595 ||| DROPPING +0 robe.
   596 | D:1      | 596 ||| UPGRADING to ring of willpower.
   597 | D:1      | 597 ||| READING scroll labelled VICOHA TI WYL.
   598 | D:1      | 598 ||| READING 2 scrolls labelled LYULOF XYOXE.
   672 | D:1      | 672 ||| Stepping ~*~*~tactically~*~*~ (outnumbered).
   677 | D:1      | HP: 5/23 [goblin/+0 club (3)]
   910 | D:1      | 910 ||| SWAPPING to +0 short sword.
   911 | D:1      | 911 ||| DROPPING +0 club.
   912 | D:1      | 912 ||| DROPPING +1 dagger.
  1307 | D:1      | 1307 ||| UPGRADING to +0 ring mail.
  1394 | D:1      | 1394 ||| UPGRADING to +0 ring mail.
  1404 | D:1      | 1404 ||| DROPPING +0 leather armour.
  1408 | D:1      | 1408 ||| SWAPPING to +1 short sword of venom.
  1409 | D:1      | 1409 ||| DROPPING +0 short sword.
  1687 | D:1      | Reached XP level 3. HP: 28/28 MP: 4/4
  1689 | D:1      | 1689 ||| DROPPING 2 potions of invisibility.
  1736 | D:2      | 1736 ||| Stepping ~*~*~tactically~*~*~ (stealth).
  1737 | D:2      | 1737 ||| Stepping ~*~*~tactically~*~*~ (stealth).
  1744 | D:2      | HP: 5/29 [gnoll/+0 spear (8)]
  1745 | D:2      | HP: 2/29 [gnoll/+0 club (3)]
  1745 | D:2      | Slain by a gnoll

Levels and vault maps discovered:
D:1:      ncdulo_halloftheorcs, layout_basic, nicolae_ecumenical_snake_handling,
          kennysheep_minor_cross
D:2:      layout_basic, minmay_hexomino_c4

Skill      XL: |  1  2 |
---------------+-------+-----
Axes           | 1 2 |  2.0
Fighting       | 1 |  1.7
Short Blades   | |  0.8
Dodging        | |  1.7
Stealth        | |  3.2
Spellcasting   | |  1.7
Hexes          | |  2.4

Action                   || total
-------------------------++-------
Melee: Dagger            ||    67
       Short sword       ||    39
  Use: Scroll            ||     2
Armor: Robe              ||    13
       Leather armour    ||     7
       Ring mail         ||     1
Dodge: Dodged            ||    49

Table legend:
 A = Non-vault XP
 B = Vault XP
 C = Vault XP percentage of total XP
 D = Non-vault monster count
 E = Vault monster count
 F = Vault count percentage of total count
                 A         B        C        D         E       F
            +---------+---------+-------+---------+---------+-------
      Total |      49 |       1 |   2.0 |      22 |       1 |   4.3
            +---------+---------+-------+---------+---------+-------
        D:1 |      34 |       1 |   2.9 |      21 |       1 |   4.5
        D:2 |      15 |       0 |   0.0 |       1 |       0 |   0.0
            +---------+---------+-------+---------+---------+-------
